 Dungeon Crawl Stone Soup version bcrawl-1.21.3 (webtiles) character file.

Game seed: 15570818609236216865

9354 Ankalagon the Martial Artist (level 11, -20/89 HPs)
             Began as an Oni Monk on Apr 7, 2020.
             Was an Elder of Qazlal.
             Demolished by a komodo dragon (23 damage)
             ... on level 1 of the Lair of Beasts.
             The game lasted 00:26:20 (11499 turns).

Ankalagon the Martial Artist (Oni Monk)            Turns: 11499, Time: 00:26:21

Health: -20/89     AC:  6    Str: 14    XL:     11   Next: 45%
Magic:  0/23       EV: 15    Int: 14    God:    Qazlal [****..]
Gold:   867        SH:  5    Dex: 15    Spells: 18/24 levels left

rFire    . . .     SeeInvis .     - Unarmed
rCold    . . .     Gourm    .   (no shield)
rNeg     . . .     Faith    .   B - +0 leather armour
rPois    .         Spirit   +   r - +0 hat
rElec    .         Reflect  .   R - +2 cloak
rCorr    +         Harm     .   (no gloves)
MR       .....                  (no boots)
Stlth    ++........             c - amulet of guardian spirit
HPRegen  0.24/turn              m - ring of stealth
MPRegen  0.18/turn              M - ring of resist corrosion (curse)

@: lethally poisoned (-20 -> -29), repel missiles
A: oni magic, claws 1, fangs 1, horns 1
a: Upheaval, Elemental Force, Renounce Religion


You were on level 1 of the Lair of Beasts.
You worshipped Qazlal.
Qazlal was greatly pleased with you.
You were not hungry.

You visited 2 branches of the dungeon, and saw 10 of its levels.

You collected 867 gold pieces.

Inventory:

Hand Weapons
 b - a +0 hunting sling
 L - a +0 blowgun
Missiles
 d - 78 poisoned needles
 h - 303 tomahawks (quivered)
 s - 1097 sling bullets
 Q - a throwing net {!f}
Armour
 r - a +0 hat (worn)
 B - a +0 leather armour (worn)
 D - a +0 buckler
 R - a +2 cloak (worn)
Jewellery
 c - an amulet of guardian spirit (around neck)
 m - a ring of stealth (left claw)
 J - an uncursed ring of insulation
 M - a cursed ring of resist corrosion (right claw)
Wands
 f - a wand of polymorph (20)
 v - a wand of clouds (5)
Scrolls
 g - 6 scrolls of identify {unknown}
 j - 9 scrolls of remove curse {unknown}
 k - 2 scrolls of fear {unknown}
 l - 3 scrolls of fog {unknown}
 n - 5 scrolls of magic mapping {unknown}
 o - 2 scrolls of blinking {unknown}
 y - 3 scrolls of noise {unknown}
 F - 4 scrolls of teleportation {unknown}
 G - a scroll of enchant armour {unknown}
 N - 4 scrolls of amnesia {unknown}
Potions
 a - 2 potions of berserk rage {unknown}
 i - a potion of might {unknown}
 p - a potion of ambrosia {unknown}
 q - 2 potions of magic {unknown}
 t - a potion of agility
 u - 4 potions of curing
 w - 3 potions of brilliance {unknown}
 x - 2 potions of lignification {unknown}
 z - 2 potions of flight {unknown}
 A - a potion of cancellation {unknown}
 C - a potion of heal wounds
 E - a potion of resistance {unknown}
 I - 2 potions of degeneration {unknown}
 K - a potion of haste {unknown}
 O - a potion of mutation {unknown}
Comestibles
 e - 8 rations {!d}


   Skills:
 - Level 6.1 Fighting
 - Level 6.0 Dodging
 - Level 1.7 Stealth
 - Level 11.1 Unarmed Combat
 - Level 7.0 Spellcasting
   Level 7.0 Conjurations
   Level 7.0 Hexes
   Level 7.0 Charms
   Level 7.0 Summonings
   Level 7.0 Necromancy
   Level 7.0 Translocations
   Level 7.0 Transmutations
   Level 7.0 Fire Magic
   Level 7.0 Ice Magic
   Level 7.0 Air Magic
   Level 7.0 Earth Magic
   Level 7.0 Poison Magic
 + Level 7.2 Invocations


You had 18 spell levels left.
You knew the following spells:

 Your Spells              Type           Power        Failure   Level  Hunger
d - Iskenderun's Mystic   Conj           ####....     1%          3    ##.....
e - Pain                  Necr           ####..       1%          1    None
u - Sublimation of Blood  Necr           ####......   1%          2    #......

Your spell library contained the following spells:

 Spells                   Type           Power        Failure   Level  Hunger
 Ensorcelled Hibernation  Hex/Ice        ###...       1%          2    #......
 Metabolic Englaciation   Hex/Ice        ###.......   28%         5    ######.


Dungeon Overview and Level Annotations

Branches:
Dungeon (9/12)             Temple (0/1) D:7            Lair (1/6) D:8
    Orc (0/1) D:9

Altars:
Ashenzari
Gozag
Hepliaklqana
Kikubaaqudgha
Makhleb
Nemelex Xobeh
Qazlal
Trog
Wu Jian
Xom
Yredelemnul
Beogh

Shops:
D:6 :


Innate Abilities, Weirdness & Mutations

You learn spells by gaining experience, not through books or religion.
You only train spellcasting to practice magic.
You have sharp fingernails.
You have very sharp teeth.
You have a pair of small horns on your head.


Message History

You scratch the komodo dragon.
You headbutt the komodo dragon, but do no damage.
Your bite misses the komodo dragon.
The komodo dragon is lightly wounded.
You feel sick. You block the komodo dragon's attack.
You closely miss the komodo dragon.
The komodo dragon is lightly wounded.
You feel sick. The komodo dragon barely misses you.
You claw the komodo dragon!
The komodo dragon is moderately wounded.
You feel sick.
You scratch the komodo dragon.
The komodo dragon is heavily wounded.
You feel sick. The komodo dragon bites you!!
* * * LOW HITPOINT WARNING * * *
You scratch the komodo dragon.
The komodo dragon is heavily wounded.
* * * LOW HITPOINT WARNING * * *
You feel sick. The komodo dragon bites you!!
You die...

#..+.......
##%#.......
##.#.......
#..........
##.#.......
#.#.......
#.........
#l#....... .
#@#########..
##§.§.........
#.............
##............
#.###.##+#PP.
##.#.........#
#P.#.........#
#P.#.........#
##.'.........#


You could see a komodo dragon.

Vanquished Creatures
  Pikel (D:7)
  A moth of wrath (D:3)
  A manticore (D:8)
  Maurice (D:9)
  A centaur skeleton (D:9)
  A komodo dragon (Lair:1)
  A merfolk (D:9)
  Prince Ribbit (D:8)
  2 hornets (D:8)
  A troll (D:9)
  A hippogriff (D:9)
  A wyvern (D:6)
  6 yaks (D:9)
  Grum (D:9)
  A hungry ghost (D:8)
  2 crocodiles
  2 porcupines (Lair:1)
  2 water moccasins (Lair:1)
  2 ice beasts
  3 sky beasts
  3 black bears
  An eye of draining (D:8)
  2 orc warriors
  7 ogres
  A phantom (D:8)
  2 wolves (D:9)
  A centaur (D:9)
  3 bullfrogs
  A big kobold (D:6)
  A water moccasin zombie (D:8)
  2 scorpions (D:7)
  A water moccasin skeleton (D:3)
  3 killer bees (D:7)
  5 wights (D:9)
  A howler monkey (D:8)
  5 crimson imps
  A centaur zombie (D:6)
  4 hounds
  A bullfrog skeleton (D:8)
  6 jellies
  4 orc priests
  4 orc wizards
  Crazy Yiuf (D:5)
  Ijyb (D:3)
  Natasha (thrice) (D:4)
  3 iguanas
  6 worker ants
  Robin (D:2)
  A worker ant zombie (D:3)
  8 gnolls
  11 adders
  An ooze (D:3)
  2 adder skeletons
  3 leopard geckos
  16 orcs
  A ball python (D:3)
  6 giant cockroaches
  13 goblins
  15 hobgoblins
  11 jackals
  10 kobolds
  A quokka (D:2)
  6 bats
  4 frilled lizards
  2 jackal skeletons
  10 rats
227 creatures vanquished.

Notes
Turn   | Place    | Note
-------+----------+-------------------------------------------
     0 | D:1      | Ankalagon the Oni Monk began the quest for the Orb.
     0 | D:1      | Reached XP level 1. HP: 19/19 MP: 4/4
   251 | D:1      | Reached skill level 1 in Spellcasting
   251 | D:1      | Reached XP level 2. HP: 26/26 MP: 3/5
   259 | D:1      | Learned a level 1 spell: Pain
   911 | D:2      | Found a burning altar of Makhleb.
   913 | D:2      | Found a glowing silver altar of Zin.
   913 | D:2      | Found a snail-covered altar of Cheibriados.
   915 | D:2      | Found a snail-covered altar of Cheibriados.
   915 | D:2      | Found a shimmering altar of Xom.
   915 | D:2      | Found a shimmering altar of Xom.
   916 | D:2      | Reached XP level 3. HP: 31/31 MP: 7/7
  1357 | D:2      | Found a stormy altar of Qazlal.
  1384 | D:2      | Became a worshipper of Qazlal Stormbringer
  1384 | D:2      | Reached * piety under Qazlal
  1384 | D:2      | Reached ** piety under Qazlal
  1419 | D:2      | Noticed Robin
  1471 | D:2      | Killed Robin
  1471 | D:2      | Reached XP level 4. HP: 12/38 MP: 2/9
  1485 | D:2      | Learned a level 2 spell: Sublimation of Blood
  1980 | D:3      | Noticed Ijyb
  1993 | D:3      | Killed Ijyb
  2127 | D:3      | Reached XP level 5. HP: 42/45 MP: 7/10
  2312 | D:3      | Noticed an ogre
  2315 | D:3      | Killed an ogre
  2315 | D:3      | Reached skill level 5 in Invocations
  2462 | D:3      | Found a sparkling altar of Nemelex Xobeh.
  2466 | D:3      | Found an ornate altar of the Wu Jian Council.
  2466 | D:3      | Found an opulent altar of Gozag.
  2596 | D:3      | Noticed a moth of wrath
  2616 | D:3      | Killed a moth of wrath
  2616 | D:3      | Reached skill level 6 in Unarmed Combat
  2616 | D:3      | Reached XP level 6. HP: 51/51 MP: 6/12
  2616 | D:3      | Reached XP level 7. HP: 57/57 MP: 6/13
  2617 | D:3      | Found a bloodstained altar of Trog.
  2909 | D:3      | Found an ancient bone altar of Kikubaaqudgha.
  3179 | D:4      | Found a burning altar of Makhleb.
  3265 | D:4      | Noticed Natasha
  3266 | D:4      | Killed Natasha
  3273 | D:4      | Reached skill level 7 in Unarmed Combat
  3331 | D:4      | Reached XP level 8. HP: 44/63 MP: 9/14
  3533 | D:4      | Noticed Natasha
  3537 | D:4      | Killed Natasha
  3618 | D:4      | Noticed Natasha
  3629 | D:4      | Killed Natasha
  4543 | D:5      | Entered Level 5 of the Dungeon
  4564 | D:5      | Reached *** piety under Qazlal
  4773 | D:5      | Found a basalt altar of Yredelemnul.
  4837 | D:5      | Found a runed door.
  5549 | D:5      | Noticed Crazy Yiuf
  5551 | D:5      | Killed Crazy Yiuf
  5665 | D:6      | Learned a level 3 spell: Iskenderun's Mystic Blast
  5703 | D:6      | Reached skill level 5 in Spellcasting
  5889 | D:6      | Found Ziarreh's Book Boutique.
  6055 | D:6      | Reached XP level 9. HP: 49/69 MP: 10/18
  6834 | D:7      | Found a staircase to the Ecumenical Temple.
  6878 | D:7      | Noticed Pikel
  7564 | D:7      | Reached **** piety under Qazlal
  7815 | D:7      | Killed Pikel
  7815 | D:7      | Reached skill level 8 in Unarmed Combat
  7835 | D:7      | Reached XP level 10. HP: 65/77 MP: 18/22
  7852 | D:7      | Reached skill level 9 in Unarmed Combat
  8369 | D:8      | Noticed Prince Ribbit
  8608 | D:8      | Killed Prince Ribbit
  8608 | D:8      | Reached skill level 10 in Unarmed Combat
  8616 | D:8      | Found a staircase to the Lair.
  9123 | D:8      | Noticed a manticore
  9126 | D:8      | Killed a manticore
  9126 | D:8      | Reached skill level 11 in Unarmed Combat
  9550 | D:8      | Found a hazy altar of Hepliaklqana.
  9662 | D:9      | Found a shattered altar of Ashenzari.
  9714 | D:9      | Noticed Grum
 10141 | D:9      | Killed Grum
 10329 | D:9      | Found a staircase to the Orcish Mines.
 10467 | D:9      | Reached XP level 11. HP: 79/85 MP: 19/23
 10510 | D:9      | Reached skill level 5 in Fighting
 10657 | D:9      | Reached skill level 5 in Dodging
 10825 | D:9      | Noticed Maurice
 10838 | D:9      | Killed Maurice
 11006 | D:9      | Found a roughly hewn altar of Beogh.
 11368 | Lair:1   | Entered Level 1 of the Lair of Beasts
 11498 | Lair:1   | HP: 4/89 [komodo dragon (24)]
 11499 | Lair:1   | Demolished by a komodo dragon

Skill      XL: |  1  2  3  4  5  6  7  8  9 10 11 |
---------------+----------------------------------+-----
Spellcasting   | 1 2 5 7 |  7.0
Invocations    | 3 4 5 7 |  7.2
Unarmed Combat | 6 7 8 11 | 11.1
Dodging        | 4 6 |  6.0
Fighting       | 4 6 |  6.1
Stealth        | |  1.7
Conjurations   | |  7.0
Hexes          | |  7.0
Charms         | |  7.0
Summonings     | |  7.0
Necromancy     | |  7.0
Translocations | |  7.0
Transmutations | |  7.0
Fire Magic     | |  7.0
Ice Magic      | |  7.0
Air Magic      | |  7.0
Earth Magic    | |  7.0
Poison Magic   | |  7.0

Action                   |  1- 3 |  4- 6 |  7- 9 | 10-12 || total
-------------------------+-------+-------+-------+-------++-------
Melee: Unarmed           |    85 |    62 |   279 |   224 ||   650
       Headbutt          |    12 |     9 |    41 |    45 ||   107
       Bite              |     2 |     2 |    27 |    32 ||    63
       Punch             |       |     2 |    11 |     5 ||    18
 Fire: Hunting sling     |       |     1 |       |       ||     1
Throw: Tomahawk          |     2 |     9 |    13 |     5 ||    29
 Cast: Pain              |    22 |     2 |     8 |       ||    32
       Iskenderun's Myst |       |       |    21 |    33 ||    54
Invok: Upheaval          |     2 |     4 |    12 |    18 ||    36
Evoke: Wand              |       |       |     1 |       ||     1
  Use: Potion            |     2 |       |       |       ||     2
 Stab: Sleeping          |     2 |       |       |       ||     2
  Eat: Chunk             |     2 |     1 |    11 |     7 ||    21
       Ration            |       |     1 |     2 |     3 ||     6
Armor: Animal skin       |    18 |     6 |     9 |       ||    33
       Skin              |       |     9 |       |       ||     9
       Leather armour    |       |       |    28 |    28 ||    56
Dodge: Dodged            |    83 |    32 |   142 |   106 ||   363
       Deflected         |       |       |     1 |       ||     1
Block: Other             |     4 |     4 |    34 |    44 ||    86
